Map: Taito Citadel LE

Players

llllIllllllI - Winner!

  • Race: Protoss Protoss
  • League: Diamond
  • Spawn Location: 11:00

Soldier

  • Race: Terran Terran
  • League: Diamond
  • Spawn Location: 5:00

VOD

Have the link to the VOD?

Description

Time

  • Played on: Dec. 2, 2025, 10:50 p.m.
  • Length: 5:13
Show
View Real Time Build Order
Export as new Build Order

llllIllllllI Protoss - Winner!

Build Orders:  

Get SALT Encoding   

  12  0:01  Probe  
  13  0:13  Probe  
  14  0:21  Pylon  
  14  0:25  Probe  
  15  0:34  Assimilator  
  15  0:39  Probe  
  16  0:51  Probe  
  16  0:55  Gateway  
  17  1:03  Probe  
  18  1:16  Probe  
  19  1:28  Probe  
  20  1:33  Pylon  
  20  1:40  Probe  
  21  1:57  Gateway  
  21  1:59  Pylon  
  21  2:00  Probe  
  21  2:04  Zealot  
  21  2:08  Cybernetics Core  
  23  2:12  Probe  
  23  2:21  Gateway  
  23  2:26  Gateway  
  23  2:34  Stalker  
  23  2:38  Gateway  
  23  2:47  Stalker  
  27  3:00  Shield Battery  
  27  3:04  Pylon  
  27  3:10  Pylon  
  27  3:14  Stalker  
  28  3:23  Stalker  
  30  3:29  Stalker  
  32  3:49  Stalker x2  
  36  4:01  Stalker  
  36  4:04  Zealot  
  40  4:16  Stalker  
Show
View Real Time Build Order
Export as new Build Order

Soldier Terran 

Build Orders:  

Get SALT Encoding   

  12  0:00  SCV  
  13  0:12  SCV  
  14  0:18  Supply Depot  
  14  0:24  SCV  
  15  0:39  SCV  
  15  0:41  Barracks  
  16  0:47  Refinery  
  16  0:51  SCV  
  17  1:03  SCV  
  18  1:15  SCV  
  19  1:27  Orbital Command  
  19  1:33  Reaper  
  20  1:54  Supply Depot  
  20  1:56  SCV  
  21  2:02  Refinery  
  21  2:06  Supply Depot  
  21  2:13  Marine  
  21  2:14  Bunker  
  22  2:20  SCV  
  23  2:32  SCV  
  23  2:36  Marine  
  25  2:40  Factory  
  25  2:42  Bunker  
  25  2:52  SCV  
  26  3:04  SCV  
  27  3:27  Factory Tech Lab  
  27  3:32  Bunker  
  24  3:41  Marine  
  24  3:48  Siege Tank  
  27  3:53  SCV  
  27  3:57  Barracks x2  
  27  3:59  Marine  
  19  4:17  Marine  
  8  4:34  Marine  
Tags
 
Add a new tag
Caveats
  • Supply blocks, unpowered buildings, or Contaminate may cause inaccurate times.
  • Supply counts are checked every 10 seconds.